Teff, chaotic male elven Priest ----- --------- |<..--- ------.......- ------- --------------- |.....---|.........--..| |.....| |.............| --..|....|.---------|..| |.._..| -|---|--.----+- --.|-.....---- --- ..... --- ---- |..|...|-.| --|.........|--- ----- -|- +.| |..---|..|--.-..--- ----.|....|..----...-- |.| |.| ---+-.....-.--........--+- -----..|..[.|.....---- |.| |.|-----......--................| ------ |..|.............---.-- |.-..||.......-|..--------@--..-- |....| --......---...........----- |.|..||...{....|--|......:f.|..-- |.%..| |..).....| ..|...........---|.|..|--.......| |(//[!/(.@|...| ---|--------)...-------...---......-|.|------....--| -----------...| ------)---...-|...-|..| --...|..---...|.--..|...|....|------ |.......-- |..|-.........|..--|..| --.....|-....|........---...-|.(((| |.------- |..-...............-|---+-----..-|..........--....|-...-.(((| |.|...| -----.....{....----..)[...........|...`.......|-...|...-|.(((| |.|...| |..............-- --+--)---------.........--..|........|------ |.--|-| -+-----...[.....| |.|.(((| --.......-----|...|....|--------.....| --..------- |.-.(((| ---...--- --..|...--......|...{..+ ---- --|.(((| ----- -----.....----........| ------ ------- ---------- Teff the Adept Experience level: 7 Strength: 10 Dexterity: 14 Constitution: 15 Intelligence: 10 Wisdom: 16 Charisma: 12 Health: 0(51) Energy: 82(82) Def: 12 Gold: 57 Moves: 3721 Dungeon seed: 1XrazH2a1u2xGic- Game ID: Teff_1614902062 Your Inventory: Coins $ - 57 gold pieces Weapons a - a blessed +1 mace (weapon in hand) M - 15 +0 arrows (in quiver) O - a +0 bow (alternate weapon; not wielded) P - 6 +0 silver arrows S - 18 +0 darts V - a +0 bow W - a +2 dagger Armor e - a +0 robe (being worn) n - a +0 small shield (being worn) y - a +3 orcish helm (being worn) C - a +0 pair of leather gloves (being worn) N - a +0 leather armor (being worn) X - a +0 dwarvish cloak Y - a +0 pair of iron shoes (being worn) Comestibles c - 2 cloves of garlic d - 2 sprigs of wolfsbane Potions b - 6 potions of holy water o - a potion of sickness v - a potion of confusion D - 3 potions of unholy water Q - a potion of healing Rings m - a ring of invisibility Wands p - a wand of sleep (0:2) Tools q - an oil lamp (lit) (0:266) J - a sack L - a tin whistle R - a tooled horn Gems r - a worthless piece of blue glass z - a garnet stone Contents of the sack: a scroll of magic mapping a spellbook of clairvoyance a spellbook of healing a spellbook of light a spellbook of protection a cursed ring of stealth a cursed magic marker (0:79) 8 tallow candles (0:200) a wax candle (0:400) a worthless piece of black glass a cursed worthless piece of red glass a worthless piece of violet glass a worthless piece of yellow glass Spells and supernatural/magical abilities: Name Level Category Fail Memory h - healing 1 healing 0% 93% l - light 1 divination 0% 90% v - clairvoyance 3 divination 91% 82% E - detect food 2 divination 57% 82% W - pray for help -- divine ? -- X - turn undead -- divine ? -- Your skills at the end: Fighting Skills Weapon Skills mace [Basic] Spellcasting Skills clerical spells [Basic] Final Attributes: You were piously aligned. You were sleep resistant. You had infravision. You are dead. Vanquished creatures: a ghost a large mimic a small mimic a giant beetle 3 wolves an imp a rock piercer a pony 4 gnome lords a gnomish wizard a red naga hatchling a golden naga hatchling an elf zombie 2 kittens 7 dwarves 2 kobold shamans a rabid rat 2 dwarf zombies a wererat 4 killer bees a coyote a gas spore a hobbit 4 manes a large kobold 3 giant rats a yellow mold a red mold 23 gnomes 2 geckos 2 jackals 2 kobolds 4 goblins 7 grid bugs a bat 4 lichens 3 kobold zombies 2 newts 100 creatures vanquished. Voluntary challenges: You had been an atheist until turn 2068. You used a wielded weapon 135 times, starting on turn 10. You read items or engraved 7 times, starting on turn 11. You never genocided any monsters. You never polymorphed an object. You never changed form. You used no wishes. You never split a pudding. You never wrote Elbereth's name. You violated your moral code, losing 1 point of alignment, starting on turn 2328. Dungeon overview: The Dungeons of Doom: levels 1 to 4 Level 1 a fountain, a sink a long staircase Level 2 a general store, a fountain Level 3 a potion shop, a fountain Level 4 a jewelry store, an altar to Brigit, a fountain stairs to The Gnomish Mines The Gnomish Mines: levels 5 to 7 Level 5 stairs to The Dungeons of Doom Level 6 Level 7 <- You were here many shops, a temple to Lugh, some fountains History has recorded: On T:1 you entered the Dungeons of Doom to retrieve the Amulet of Yendor! On T:223 you advanced to experience level 2. On T:376 you reached level 2 of The Dungeons of Doom. On T:518 you advanced to experience level 3. On T:933 you reached level 3 of The Dungeons of Doom. On T:983 you advanced to experience level 4. On T:1421 you reached level 4 of The Dungeons of Doom. On T:1786 you reached level 1 of The Gnomish Mines. On T:1831 you advanced to experience level 5. On T:2127 you reached level 2 of The Gnomish Mines. On T:2436 you advanced to experience level 6. On T:2784 you reached level 3 of The Gnomish Mines. On T:3466 you advanced to experience level 7. Score breakdown: Gold: 57 ( 5998 points) Experience: 7 levels (13645 points) Exploration: 7 levels ( 13.73%) (10392 points) Discoveries: 12 items ( 4.18%) ( 6134 points) Valuables value: (no points given unless you survive) Artifact value: 0 ( 0 points) Variety of kills: 38 monsters ( 9.97%) ( 9474 points) Turncount: 3721 turns ( -918 points) Survival: died (score multiplied by 80%) Total score: 35780 Latest messages: The watchman bumps right into you! (3x) You take off your ring of invisibility. Your body seems to unfade... "Hello, Teff! Welcome again to Kabalebo's general store!" The crocodile bites! The crocodile hits! You displace Qwerty. You hear some noises. You hear a door open. "Hello, Teff! Welcome again to Kabalebo's general store!" The crocodile bites! The crocodile hits! Qwerty misses the crocodile. You miss the crocodile. Qwerty bites the crocodile. The crocodile misses Qwerty. The crocodile hits Qwerty. You hit the crocodile! The crocodile bites! The crocodile hits! The crocodile bites! The crocodile hits! You die... Kabalebo gratefully inherits all your possessions. Final status: Goodbye Teff the Priest, killed by a crocodile... You died in The Gnomish Mines on dungeon level 7 with 35780 points, and 57 pieces of gold, after 3721 moves. You were level 7 with a maximum of 51 hit points when you died.